 Dungeon Crawl Stone Soup version 0.20.0 (webtiles) character file.

7357 ChungusAmongUs the Basher (level 10, -7/90 HPs)
             Began as a Minotaur Berserker on July 20, 2017.
             Was a High Priest of Trog.
             Mangled by an ogre
             ... wielding a +0 giant club
              (12 damage)
             ... on level 10 of the Dungeon.
             The game lasted 00:29:40 (9344 turns).

ChungusAmongUs the Basher (Minotaur Berserker)      Turns: 9344, Time: 00:29:41

Health: -7/90      AC: 13    Str: 23    XL:     10   Next: 91%
Magic:  9/9        EV: 12    Int:  4    God:    Trog [*****.]
Gold:   871        SH:  6    Dex: 12    Spells: 9/9 levels left

rFire    + . .     SeeInvis .   M - +10 morningstar "Eos" {elec, Halo rElec}
rCold    + . .     Gourm    .   n - +1 buckler
rNeg     . . .     Faith    .   B - +0 chain mail
rPois    .         Spirit   .   (helmet restricted)
rElec    +         Reflect  .   e - scarf {rC+ rF+}
rCorr    .         Harm     .   a - +0 pair of gloves
MR       .....                  (no boots)
Stlth    ..........             (no amulet)
Regen    0.3/turn               (no ring)
MPRegen  0.2/turn               (no ring)

@: lethally poisoned (-7 -> -8), glowing
A: retaliatory headbutt, horns 2
a: Berserk, Trog's Hand, Brothers in Arms, Burn Spellbooks, Renounce Religion


You were on level 10 of the Dungeon.
You worshipped Trog.
Trog was extremely pleased with you.
You were not hungry.

You visited 1 branch of the dungeon, and saw 10 of its levels.
You also visited: Ossuary.

You collected 871 gold pieces.

Inventory:

Hand Weapons
 b - a +0 whip
 p - a +0 whip
 x - the +7 flail of Discord {drain, rPois Str+2 Int-2 SInv}
   (You found it on level 7 of the Dungeon)

   A truly terrible weapon, it drains the life of those it strikes.
   It affects your strength (+2).
   It affects your intelligence (-2).
   It protects you from poison.
   It lets you see invisible.
 M - the +10 morningstar "Eos" (weapon) {elec, Halo rElec}
   (Trog gifted it to you on level 8 of the Dungeon)

   Occasionally, upon striking a foe, it will discharge some electrical energy
   and cause terrible harm.
   It insulates you from electricity.
Armour
 a - a +0 pair of gloves (worn)
 e - a scarf of resistance (worn)
 n - a +1 buckler (worn)
 w - a scarf of cloud immunity
 B - a +0 chain mail (worn)
 G - a +0 cloak
 N - a +0 shield
Jewellery
 i - an uncursed ring of flight
 r - an uncursed ring of see invisible {unknown}
 u - an uncursed amulet of guardian spirit {unknown}
 y - an uncursed amulet of magic regeneration {unknown}
 F - a -5 ring of dexterity
 H - an uncursed amulet of regeneration {unknown}
Wands
 g - a wand of flame (48/48)
 E - a wand of iceblast (10/15)
Scrolls
 h - 5 scrolls of teleportation
 j - 2 scrolls of immolation
 k - a scroll of fear
 C - 2 scrolls of recharging
 D - a scroll of fog
 I - 3 scrolls of remove curse
 O - a scroll of magic mapping
 P - a scroll of enchant weapon {unknown}
Potions
 l - a potion of lignification {unknown}
 m - 2 potions of invisibility {unknown}
 o - a potion of experience {unknown}
 q - a potion of haste {unknown}
 t - 2 potions of might {unknown}
 v - 4 potions of brilliance {unknown}
 z - 3 potions of resistance {unknown}
 A - 2 potions of heal wounds {unknown}
 J - a potion of ambrosia {unknown}
 K - 3 potions of curing {unknown}
Comestibles
 c - 4 bread rations
 d - 9 royal jellies
 f - 3 meat rations
 s - 6 fruits
 L - 9 chunks of flesh


   Skills:
 + Level 8.7 Fighting
 - Level 12.0 Maces & Flails
 * Level 10.9 Armour
 + Level 7.8 Dodging
 - Level 4.7 Shields


You had 9 spell levels left.
You didn't know any spells.

Dungeon Overview and Level Annotations

Branches:
Dungeon (10/15)            Temple (0/1) D:7             Orc (0/2) D:10
   Lair: D:8-11

Altars:
Ashenzari
Hepliaklqana
Makhleb
Okawaru
Ru
Sif Muna


Innate Abilities, Weirdness & Mutations

You reflexively headbutt those who attack you in melee.
You have a pair of horns on your head.


Message History

You impale the killer bee!!
You kill the killer bee!
Trog accepts your kill.
You feel sick. The killer bee barely misses you. You furiously retaliate!
You headbutt the killer bee!
The killer bee stings you but does no damage.
You block the killer bee's attack.
The killer bee stings you but does no damage.
You see here a killer bee corpse.
You feel sick. You block the killer bee's attack.
The killer bee closely misses you.
Found a scroll of immolation.
You feel sick. You block the killer bee's attack.
You impale the killer bee!!
You kill the killer bee!
Trog accepts your kill.
You hit the ogre.
The ogre is moderately wounded.
You feel sick. The ogre hits you with a giant club!
You die...

###.......#
###.(....!.... .###
##....# ......# ?..##
##.((.# .....# ....
#(.(..###.8.8.###..8
#..(...#.......#...
..#.#..#).#'#..#..
.##)##.#.##.##.#.#
.#(..#.#)#...#.#@# #
.#.(.#.#)#...#.#O# .#
.##)##.#.##.##.#c## #.#
..#)#..#..#'#..#†.#'#..#
...((.('.....c.'(......#
#...(.###.8.8.###..8..##
##.(†## ##...##
##...#####+#### #†..#
##### #...#.........
..#(.# ##.##.........


You could see an ogre and a centaur.

Vanquished Creatures
  A two-headed ogre (D:10)
  A kobold demonologist (D:10)
  A hornet (D:3)
  Sigmund (D:3)
  A wyvern (D:8)
  4 yaks (D:9)
  A warg (D:10)
  2 phantoms
  3 black bears
  4 sky beasts
  3 orc warriors
  5 centaurs
  2 ogres
  Blork the orc (D:4)
  5 bullfrogs
  2 scorpions
  16 killer bees
  13 wights (D:7)
  A crimson imp (D:5)
  5 hounds
  2 jellies
  11 orc priests
  2 bullfrog skeletons
  3 centaur skeletons
  5 iguanas
  Natasha (thrice) (D:3)
  12 orc wizards
  5 worker ants
  Terence (D:2)
  5 big kobold zombies (Ossuary)
  2 mummies (Ossuary)
  Robin (D:2)
  8 gnolls
  16 adders
  2 shadow imps
  2 oozes
  An adder zombie (D:6)
  4 adder skeletons
  8 worms
  2 dart slugs
  6 leopard geckos
  36 orcs
  7 giant cockroaches
  14 goblins
  11 hobgoblins
  14 jackals
  9 kobolds
  4 quokkas
  3 ball pythons
  6 bats
  5 frilled lizards
  2 goblin zombies (Ossuary)
  A hobgoblin zombie (Ossuary)
  A jackal skeleton (D:5)
  A leopard gecko skeleton (D:8)
  A leopard gecko zombie (D:7)
  6 orc zombies (Ossuary)
  6 rats
300 creatures vanquished.

Notes
Turn   | Place    | Note
-------+----------+-------------------------------------------
     0 | D:1      | ChungusAmongUs the Minotaur Berserker began the quest for the Orb.
     0 | D:1      | Reached XP level 1. HP: 19/19 MP: 0/0
    61 | D:1      | Reached skill level 4 in Maces & Flails
   154 | D:1      | Reached XP level 2. HP: 26/26 MP: 1/1
   510 | D:1      | Reached skill level 5 in Maces & Flails
   608 | D:1      | Reached XP level 3. HP: 31/31 MP: 2/2
   744 | D:2      | Noticed Terence
   749 | D:2      | Killed Terence
  1127 | D:2      | Reached XP level 4. HP: 39/39 MP: 3/3
  1196 | D:2      | Reached skill level 6 in Maces & Flails
  1212 | D:2      | Noticed Robin
  1216 | D:2      | Reached ** piety under Trog
  1242 | D:2      | Killed Robin
  1956 | D:2      | Found a deep blue altar of Sif Muna.
  2109 | D:3      | Reached XP level 5. HP: 31/45 MP: 4/4
  2453 | D:3      | Reached skill level 7 in Maces & Flails
  2584 | D:3      | Noticed Natasha
  2587 | D:3      | Killed Natasha
  2603 | D:3      | Found a burning altar of Makhleb.
  2603 | D:3      | Found an iron altar of Okawaru.
  2605 | D:3      | Noticed a hornet
  2605 | D:3      | Noticed an ogre
  2620 | D:3      | Noticed Sigmund
  2639 | D:3      | Killed Sigmund
  2639 | D:3      | Reached *** piety under Trog
  2639 | D:3      | Reached skill level 8 in Maces & Flails
  2639 | D:3      | Reached XP level 6. HP: 15/51 MP: 5/5
  2913 | D:3      | Reached skill level 9 in Maces & Flails
  2914 | D:3      | Paralysed by a hornet for 3 turns
  2916 | D:3      | Noticed Natasha
  2919 | D:3      | Killed a hornet
  2919 | D:3      | Reached skill level 10 in Maces & Flails
  2919 | D:3      | Reached XP level 7. HP: 28/57 MP: 6/6
  3248 | D:3      | Killed Natasha
  3538 | D:3      | Noticed Natasha
  3547 | D:3      | Killed Natasha
  3560 | D:3      | Found a hazy altar of Hepliaklqana.
  3788 | D:4      | Noticed Blork the orc
  3801 | D:4      | Killed Blork the orc
  3805 | D:4      | Reached skill level 11 in Maces & Flails
  4171 | D:4      | Reached **** piety under Trog
  4542 | D:4      | Reached XP level 8. HP: 64/64 MP: 7/7
  4686 | D:5      | Entered Level 5 of the Dungeon
  4768 | D:5      | Found a shattered altar of Ashenzari.
  4983 | D:5      | Reached skill level 12 in Maces & Flails
  5004 | D:5      | Reached skill level 1 in Shields
  6174 | D:6      | Reached XP level 9. HP: 62/73 MP: 8/8
  6331 | D:7      | Reached skill level 5 in Fighting
  6349 | D:7      | Found a sand-covered staircase.
  6354 | Ossuary  | Entered an ossuary
  6622 | D:7      | Got a crystal flail
  6623 | D:7      | Identified the +7 flail of Discord {drain, rPois Str+2 Int-2 SInv} (You found it on level 7 of the Dungeon)
  6633 | D:7      | Reached skill level 5 in Armour
  6635 | D:7      | Reached ***** piety under Trog
  6753 | D:7      | Found a staircase to the Ecumenical Temple.
  6801 | D:7      | Reached skill level 5 in Dodging
  7482 | D:8      | Reached XP level 10. HP: 30/86 MP: 9/9
  7845 | D:8      | Received a gift from Trog
  8538 | D:9      | Found a sacrificial altar of Ru.
  9013 | D:10     | Entered Level 10 of the Dungeon
  9020 | D:10     | Noticed a two-headed ogre
  9026 | D:10     | Killed a two-headed ogre
  9026 | D:10     | Reached skill level 10 in Armour
  9195 | D:10     | Found a staircase to the Orcish Mines.
  9268 | D:10     | Noticed an orange demon
  9344 | D:10     | Mangled by an ogre

Skill      XL: |  1  2  3  4  5  6  7  8  9 10 |
---------------+-------------------------------+-----
Maces & Flails | 4 5 6 8 10 11 12 | 12.0
Shields        | 4 |  4.7
Fighting       | 4 7 8 |  8.7
Armour         | 3 8 10 | 10.9
Dodging        | 3 5 7 |  7.8

Action                   |  1- 3 |  4- 6 |  7- 9 | 10-12 || total
-------------------------+-------+-------+-------+-------++-------
Melee: Mace              |    49 |    99 |    44 |       ||   192
       Headbutt          |     9 |    12 |    83 |    16 ||   120
       Flail             |       |       |   354 |    12 ||   366
       Morningstar       |       |       |       |   108 ||   108
Invok: Berserk           |       |     3 |       |       ||     3
       Burn Spellbooks   |       |       |     1 |     1 ||     2
  Use: Scroll            |     3 |     2 |    11 |       ||    16
  Eat: Meat ration       |     1 |     1 |     2 |       ||     4
       Chunk             |       |       |     7 |     3 ||    10
Armor: Animal skin       |     5 |       |       |       ||     5
       Scale mail        |     5 |    41 |    12 |       ||    58
       Chain mail        |       |       |   146 |    60 ||   206
Dodge: Dodged            |    28 |    52 |   134 |    77 ||   291
Block: Buckler           |       |    11 |    72 |    37 ||   120
